 Dungeon Crawl Stone Soup version 0.28-a0-519-gbfeecf2fc5 (webtiles) character file.

Game seed: 12504428253780003198

0 Gnu the Vexing (level 1, 0/13 HPs)
             Began as a Vampire Enchanter on Sept 23, 2021.
             Slain by a jackal (2 damage)
             ... on level 1 of the Dungeon.
             The game lasted 00:00:39 (122 turns).

Gnu the Vexing (Vampire Enchanter)                   Turns: 122, Time: 00:00:41

Health: 0/13       AC:  2    Str:  7    XL:     1   Next: 8%
Magic:  3/3        EV: 12    Int: 17    God:
Gold:   0          SH:  0    Dex: 14    Spells: 4/4 levels left

rFire   . . .      SeeInvis +   a - +1 dagger
rCold   . . .      Faith    .   (no shield)
rNeg    . . .      Spirit   .   b - +0 robe
rPois   .          Reflect  .   (no helmet)
rElec   .          Harm     .   (no cloak)
rCorr   .          Rampage  .   (no gloves)
Will    .....                   (no boots)
Stlth   +++.......              (no amulet)
HPRegen 0.24/turn               (no ring)
MPRegen 0.08/turn               (no ring)

@: healing quickly
A: alive, fangs 3, see invisible, vampiric 1
a: Exsanguinate


You were on level 1 of the Dungeon.
You visited 1 branch of the dungeon, and saw 1 of its levels.

Inventory:

Hand Weapons
 a - a +1 dagger (weapon)
Armour
 b - a +0 robe (worn)
Jewellery
 d - a +6 ring of dexterity
Potions
 c - a potion of invisibility


   Skills:
 + Level 0.0 Fighting
 + Level 1.1 Short Blades
 + Level 2.2 Dodging
 + Level 4.4 Stealth
 + Level 2.0 Spellcasting
 + Level 4.4 Hexes


You had 4 spell levels left.
You didn't know any spells.
Your spell library contained the following spells:

 Spells                   Type           Power      Damage    Failure   Level
 Slow                     Hex            16%        N/A       4%          2
 Confusing Touch          Hex            16%        N/A       10%         3
 Tukima's Dance           Hex            16%        N/A       10%         3
 Ensorcelled Hibernation  Hex/Ice        18%        N/A       12%         2
 Dazzling Flash           Conj/Hex       18%        N/A       24%         3
 Yara's Violent Unravell  Hex/Tmut       4%         3d4       91%         5


Dungeon Overview and Level Annotations

Branches:
Dungeon (1/15)

Altars:


Innate Abilities, Weirdness & Mutations

Your natural rate of healing is accelerated.
You have razor-sharp teeth.
You have supernaturally acute eyesight. (SInv)
You are afflicted with vampirism.


Message History

The bat completely misses you. The bat hits you but does no damage.
The bat hits you. The jackal bites you. The bat hits you.
The jackal closely misses you. The bat hits you. The bat barely misses you.
The jackal barely misses you. x2
The bat barely misses you. The bat misses you. The jackal bites you.
You hit the bat. Your bite misses the bat.
The bat is moderately wounded.
The bat closely misses you. The jackal closely misses you.
The bat barely misses you. The jackal closely misses you.
The bat barely misses you. The jackal barely misses you.
You hit the bat.
The bat is heavily wounded.
The bat misses you. The bat closely misses you. The jackal closely misses you.
The goblin hits you but does no damage. The bat hits you.
The jackal barely misses you. The bat hits you but does no damage.
The bat hits you. The jackal misses you.
You hit the jackal.
The jackal is severely wounded.
The bat closely misses you. The jackal closely misses you.
The jackal barely misses you.
You barely miss the jackal.
The jackal is severely wounded.
The jackal misses you. The bat hits you.
You hit the jackal but do no damage.
The jackal is heavily wounded.
The bat completely misses you. The jackal bites you. The bat misses you.
You closely miss the jackal.
The jackal is heavily wounded.
The bat hits you.
* * * LOW HITPOINT WARNING * * *
The jackal bites you.
* * * LOW HITPOINT WARNING * * *
The jackal bites you.
You die...

+.............
######.#####.# #.## ..
#..## ##.#
###...###...###.#
#.............#.#
##.............#.# #+#
#...###...###....# #.#
#...#>......#@...# #.#
#...#.......#hgb.###.#
##.............#.#...#
#......#......#.#.#.#
##.............#...#.#
#...#.......#....###.#
#...#......<#....#...###
#...###...###....#.....#
##.............#.###.#.##


You could see a jackal, a goblin and a bat.

Vanquished Creatures
  A frilled lizard (D:1)
1 creature vanquished.

Vanquished Creatures (others)
  A plant (D:1)
1 creature vanquished.

Grand Total: 2 creatures vanquished

Notes
Turn   | Place    | Note
-------+----------+-------------------------------------------
     0 | D:1      | Gnu the Vampire Enchanter began the quest for the Orb.
     0 | D:1      | Reached XP level 1. HP: 13/13 MP: 3/3
   122 | D:1      | Slain by a jackal

Illustrated notes

Levels and vault maps discovered:
D:1:      minmay_arrival_open_corners, layout_basic, serial_shops, shop,
          serial_bayou, serial_bayou_pond_d, serial_bayou_pond_d,
          serial_bayou_pond_b, serial_bayou_pond_e

Action                   || total
-------------------------++-------
Melee: Dagger            ||    18
Armor: Robe              ||    10
Dodge: Dodged            ||    46

Table legend: (Time is in decaauts)
 A = Elapsed time spent in this place.
 B = Non-inter-level travel time spent in this place.
 C = Inter-level travel time spent in this place.
 D = Time resting spent in this place.
 E = Time spent auto-exploring this place.
 F = Levels seen in this place.
 G = Mean time per level.
                   A        B        C        D        E       F      G
               +--------+--------+--------+--------+--------+-----+--------+
         Total |    121 |    121 |      0 |      0 |     58 |   1 |  121.0 |
       Dungeon |    121 |    121 |      0 |      0 |     58 |   1 |  121.0 |
               +--------+--------+--------+--------+--------+-----+--------+

Top non-repeatable levels by time:
     D:1: 121 daAuts
